 Dungeon Crawl Stone Soup version 0.24-a0-447-ge8da9206dc (webtiles) character file.

Game seed: 5680229358005464884

13615 Krouwed the Covert (level 11, -8/85 HPs)
             Began as a Vampire Assassin on June 24, 2019.
             Was a Follower of Uskayaw.
             Mangled by a manticore (13 damage)
             ... on level 11 of the Dungeon on June 25, 2019.
             The game lasted 00:47:38 (13775 turns).

Krouwed the Covert (Vampire Assassin)              Turns: 13775, Time: 00:47:38

Health: -8/85      AC:  7    Str: 13    XL:     11   Next: 77%
Magic:  13/13      EV: 16    Int: 14    God:    Uskayaw [*.....]
Gold:   635        SH:  5    Dex: 16    Spells: 10/10 levels left

rFire    . . .     SeeInvis +   R - +0 dagger (elec)
rCold    . . .     Gourm    .   A - +0 buckler (curse)
rNeg     . . .     Faith    .   l - +0 ring mail
rPois    .         Spirit   .   (no helmet)
rElec    .         Reflect  .   c - +0 cloak
rCorr    +         Harm     .   (no gloves)
MR       ++...                  w - +0 pair of boots
Stlth    +++++.....             o - amulet of magic regeneration
HPRegen  0.44/turn              j - ring of resist corrosion
MPRegen  0.38/turn              s - ring of protection from magic

@: barbed spikes, regenerating quickly
A: no food, fangs 3, see invisible, unbreathing
a: Exsanguinate, Stomp, Renounce Religion


You were on level 11 of the Dungeon.
You worshipped Uskayaw.
Uskayaw was noncommittal.
You were alive.

You visited 2 branches of the dungeon, and saw 14 of its levels.

You collected 635 gold pieces.

Inventory:

Hand Weapons
 L - a +2 rapier of draining
 R - a +0 dagger of electrocution (weapon)
Missiles
 d - 10 poisoned darts (quivered)
 E - 4 silver boomerangs
 I - 3 throwing nets
Armour
 c - a +0 cloak (worn)
 e - a +4 chain mail
 l - a +0 ring mail (worn)
 w - a +0 pair of boots (worn)
 A - a cursed +0 buckler (worn)
 J - the +1 pair of boots of the Secret Continents {-Tele rF++ rN+ Int+3}
   (You found it on level 8 of the Dungeon)

   It affects your intelligence (+3).
   It greatly protects you from fire.
   It protects you from negative energy.
   It prevents most forms of teleportation.
Jewellery
 j - a ring of resist corrosion (left hand)
 k - an uncursed ring of wizardry
 m - an uncursed ring of poison resistance
 o - an amulet of magic regeneration (around neck)
 s - a ring of protection from magic (right hand)
 G - an uncursed ring of protection from magic
 H - an uncursed ring of fire
Wands
 u - a wand of digging (5)
 B - a wand of iceblast (14)
 D - a wand of random effects (33)
Scrolls
 a - a scroll of blinking
 b - 6 scrolls of remove curse
 i - 3 scrolls of amnesia
 p - 4 scrolls of fog
 q - 6 scrolls of teleportation
 y - 2 scrolls of noise
 z - 2 scrolls of magic mapping
 O - 3 scrolls of enchant weapon {unknown}
Potions
 f - 6 potions of curing
 n - a potion of ambrosia
 r - a potion of magic
 t - a potion of degeneration
 x - a potion of mutation
 C - a potion of cancellation
 F - 2 potions of brilliance
 M - a potion of lignification
 N - 2 potions of might {unknown}
 Q - 2 potions of flight


   Skills:
 + Level 7.7 Fighting
 + Level 9.2 Short Blades
 + Level 7.1 Throwing
 + Level 9.0 Dodging
 + Level 13.3 Stealth
 - Level 4.0 Shields
 + Level 3.2 Invocations


You had 10 spell levels left.
You didn't know any spells.
Your spell library contained the following spells:

 Spells                   Type           Power        Failure   Level  Hunger
 Animate Skeleton         Necr           N/A          54%         1    N/A
 Beastly Appendage        Tmut           #.....       54%         1    N/A
 Pain                     Necr           #...         54%         1    N/A
 Sticks to Snakes         Tmut           #.......     67%         2    N/A
 Regeneration             Chrm/Necr      #.........   88%         3    N/A
 Spider Form              Tmut/Pois      #.........   88%         3    N/A
 Vampiric Draining        Necr           #.........   88%         3    N/A
 Animate Dead             Necr           N/A          99%         4    N/A
 Ice Form                 Ice/Tmut       #.......     99%         4    N/A
 Blade Hands              Tmut           #.........   100%        5    N/A
 Bolt of Magma            Conj/Fire/Erth #.........   100%        5    N/A
 Iskenderun's Battlesphe  Conj/Chrm      #.......     100%        5    N/A
 Venom Bolt               Conj/Pois      #.........   100%        5    N/A
 Iron Shot                Conj/Erth      #.........   100%        6    N/A
 Orb of Destruction       Conj           #.........   100%        7    N/A
 Spellforged Servitor     Conj/Summ      #.........   100%        7    N/A

Dungeon Overview and Level Annotations

Branches:
Dungeon (13/15)            Temple (1/1) D:7            Lair (0/6) D:8
    Orc: D:9-12      Vaults: D:13-14

Altars:
Ashenzari
Cheibriados
Dithmenos
Elyvilon
Fedhas
Gozag
Hepliaklqana
Kikubaaqudgha
Makhleb
Nemelex Xobeh
Okawaru
Qazlal
Ru
Sif Muna
Trog
Uskayaw
Vehumet
Wu Jian
Xom
Yredelemnul
Zin
The Shining One

Annotations:
D:3 1 runed translucent door, Crazy Yiuf
D:7 2 transporters


Innate Abilities, Weirdness & Mutations

You do not eat.
Your natural rate of healing is unusually fast.
You have razor-sharp teeth.
You have supernaturally acute eyesight. (SInv)
You can survive without breathing.


Message History

You hit the manticore.
The manticore is heavily wounded.
You barely miss the manticore. Your bite misses the manticore.
The manticore is heavily wounded.
You block the manticore's attack.
The manticore claws you but does no damage.
The manticore closely misses you.
You hit the manticore but do no damage.
The manticore is heavily wounded.
The manticore bites you.
* * * LOW HITPOINT WARNING * * *
The manticore claws you.
* * * LOW HITPOINT WARNING * * *
You block the manticore's attack.
You hit the manticore.
The manticore is heavily wounded.
You hit the manticore.
The manticore is heavily wounded.
The manticore bites you!
You die...

... ########...
#########..........
#..................
#.#######..........
#>.................
#.#######..H...!...
#(##### #..@....#
#####.....# #.......#
#.....###.###.......#
#####.# .##....#####
#.....###.##....#
#....(....##....#
#...(†#.#.##....########
#.....#.#.#####.........
#.....#.#.......#######.


You could see a manticore.

Vanquished Creatures
  Harold (D:7)
  2 two-headed ogres (D:8)
  3 death yaks
  An unseen horror (D:8)
  Pikel (D:7)
  A manticore (D:13)
  A cyclops (D:13)
  Psyche (D:8)
  A troll (D:9)
  3 hornets
  2 hippogriffs (D:10)
  A wraith (D:10)
  A vampire (D:10)
  3 yaks
  A hungry ghost (D:13)
  3 soldier ants
  3 orc warriors
  A black bear (D:8)
  A necrophage (D:10)
  4 sky beasts
  3 centaurs
  A phantom (D:8)
  7 ogres
  3 big kobolds
  6 bullfrogs
  3 scorpions
  11 killer bees
  5 howler monkeys
  A crimson imp (D:12)
  A quasit (D:8)
  3 centaur zombies
  7 orc priests
  4 hounds
  2 bullfrog skeletons
  7 jellies
  A gnoll shaman (D:7)
  4 iguanas
  10 orc wizards
  Natasha (thrice) (D:3)
  8 worker ants
  A hound zombie (D:7)
  9 gnolls (D:7)
  A worker ant zombie (D:6)
  14 adders
  A shadow imp (D:8)
  3 oozes
  An adder zombie (D:8)
  3 adder skeletons
  3 worms
  5 dart slugs
  6 leopard geckos
  44 orcs
  10 giant cockroaches
  9 goblins
  5 hobgoblins
  19 jackals
  5 quokkas
  4 ball pythons
  13 bats
  7 frilled lizards
  16 kobolds
  A leopard gecko skeleton (D:4)
  9 rats
314 creatures vanquished.

Vanquished Creatures (others)
  A gargoyle (D:13)
  A slave (D:7)
2 creatures vanquished.

Grand Total: 316 creatures vanquished

Notes
Turn   | Place    | Note
-------+----------+-------------------------------------------
     0 | D:1      | Krouwed the Vampire Assassin began the quest for the Orb.
     0 | D:1      | Reached XP level 1. HP: 16/16 MP: 1/1
    80 | D:1      | Reached skill level 6 in Stealth
   116 | D:1      | Reached XP level 2. HP: 22/22 MP: 2/2
   374 | D:1      | Reached XP level 3. HP: 26/27 MP: 3/3
  1245 | D:2      | Reached XP level 4. HP: 26/34 MP: 4/4
  2257 | D:3      | Found a runed translucent door.
  2258 | D:3      | Noticed Crazy Yiuf
  2370 | D:3      | Reached XP level 5. HP: 39/39 MP: 5/5
  2585 | D:3      | Noticed Natasha
  2599 | D:3      | Killed Natasha
  2847 | D:3      | Reached skill level 7 in Stealth
  2919 | D:3      | Noticed Natasha
  2930 | D:3      | Killed Natasha
  2974 | D:3      | Found a runed translucent door.
  3146 | D:3      | Noticed Natasha
  3166 | D:3      | Killed Natasha
  3197 | D:3      | Reached XP level 6. HP: 25/47 MP: 6/6
  3699 | D:4      | Reached XP level 7. HP: 26/52 MP: 7/7
  3929 | D:3      | Reached skill level 8 in Stealth
  4357 | D:4      | Found a radiant altar of Vehumet.
  4357 | D:4      | Found a deep blue altar of Sif Muna.
  4865 | D:5      | Entered Level 5 of the Dungeon
  4921 | D:5      | Reached skill level 1 in Shields
  4921 | D:5      | Reached XP level 8. HP: 31/60 MP: 8/8
  4990 | D:5      | Reached skill level 5 in Short Blades
  6237 | D:6      | Reached skill level 9 in Stealth
  6283 | D:6      | Reached skill level 5 in Dodging
  6352 | D:6      | You fall into a shaft and drop 2 floors!
  6365 | D:8      | Got a pair of brightly glowing boots
  6402 | D:8      | Identified the +1 pair of boots of the Secret Continents
                  | {-Tele rF++ rN+ Int+3} (You found it on level 8 of the
                  | Dungeon)
  6573 | D:8      | Noticed a hornet
  6595 | D:8      | Killed a hornet
  6733 | D:8      | Noticed a hornet
  6735 | D:8      | Killed a hornet
  6735 | D:8      | Reached XP level 9. HP: 67/67 MP: 9/9
  6740 | D:8      | Reached skill level 5 in Fighting
  6761 | D:8      | Noticed a death yak
  6762 | D:8      | Noticed Psyche
  6844 | D:8      | Killed a death yak
  6844 | D:8      | Reached skill level 10 in Stealth
  6978 | D:8      | Killed Psyche
  6978 | D:8      | Reached skill level 5 in Throwing
  7068 | D:8      | Noticed a death yak
  7348 | D:8      | Noticed a two-headed ogre
  7356 | D:8      | Noticed an unseen horror
  7362 | D:8      | Noticed a two-headed ogre
  7833 | D:7      | Paralysed by a hornet for 2 turns
  7955 | D:7      | Noticed Harold
  7995 | D:7      | Killed Harold
  7995 | D:7      | Reached skill level 11 in Stealth
  7995 | D:7      | Reached XP level 10. HP: 46/76 MP: 10/10
  8071 | D:7      | Found a transporter.
  8071 | D:7      | Noticed a yaktaur captain
  8089 | D:7      | Found a transporter.
  9098 | D:7      | Found a staircase to the Ecumenical Temple.
  9104 | Temple   | Entered the Ecumenical Temple
  9109 | Temple   | Became a worshipper of Uskayaw the Reveler
  9286 | D:7      | Noticed Pikel
  9333 | D:7      | Reached * piety under Uskayaw
  9334 | D:7      | Killed Pikel
  9403 | D:7      | Reached ** piety under Uskayaw
  9408 | D:7      | Reached *** piety under Uskayaw
  9644 | D:8      | Noticed a death yak
  9814 | D:7      | Killed a death yak
  9937 | D:8      | Killed a two-headed ogre
  9937 | D:8      | Reached skill level 12 in Stealth
 10120 | D:8      | Found a staircase to the Lair.
 10462 | D:8      | Killed an unseen horror
 10462 | D:8      | Reached XP level 11. HP: 24/83 MP: 11/11
 10514 | D:7      | Killed a death yak
 10514 | D:7      | Reached skill level 1 in Invocations
 10844 | D:8      | Killed a two-headed ogre
 11605 | D:9      | Found a radiant altar of Vehumet.
 11942 | D:9      | Reached **** piety under Uskayaw
 11991 | D:10     | Entered Level 10 of the Dungeon
 12320 | D:10     | Reached skill level 13 in Stealth
 12809 | D:7      | Identified a scroll of acquirement
 13035 | D:10     | Found a sacrificial altar of Ru.
 13166 | D:10     | You fall into a shaft and drop 3 floors!
 13419 | D:13     | Noticed an unseen horror
 13421 | D:13     | Noticed a tengu warrior
 13775 | D:11     | Mangled by a manticore

Levels and vault maps discovered:
D:1:      lemuel_arrival_broad_hall, layout_basic, fountainhead
D:2:      layout_basic
D:3:      layout_basic, first_ration, st_stairs_5, uniq_natasha,
          uniq_crazy_yiuf_cottage
D:4:      cheibrodos_barr_body, layout_cave_pods, gammafunk_temple_overflow_wave
D:5:      layout_loops_ring
D:6:      layout_basic
D:7:      gammafunk_the_bubble [the_bubble_gammafunk_plus_minus], layout_basic,
          temple_statues, uniq_harold, uniq_pikel
D:8:      layout_basic, dpeg_lair_monsters, hangedman_pestilent_swarm,
          minmay_manual_moon, uniq_psyche
D:9:      layout_rooms, basic_altar
D:10:     layout_roguey, basic_altar
D:11:     layout_basic, kennysheep_orc_monster_closet_entryway, uniq_josephine,
          uniq_erica, uniq_urug, uniq_gastronok
D:12:     kennysheep_spiral_hall, layout_cave_pools
D:13:     minmay_curly_fans, layout_basic, david_vaults_1, patterned_corridor
Temple:   regret_index_temple_chain_breaker

Skill      XL: |  1  2  3  4  5  6  7  8  9 10 11 |
---------------+----------------------------------+-----
Stealth        | 6 7 8 9 11 12 13 | 13.3
Fighting       | 2 3 4 6 7 |  7.7
Throwing       | 2 3 4 5 6 7 |  7.1
Dodging        | 2 3 4 5 6 8 9 |  9.0
Short Blades   | 3 4 5 7 8 9 |  9.2
Shields        | 1 2 4 |  4.0
Invocations    | 3 |  3.2

Action                   |  1- 3 |  4- 6 |  7- 9 | 10-12 || total
-------------------------+-------+-------+-------+-------++-------
Melee: Dagger            |   155 |   267 |   389 |   760 ||  1571
       Bite              |    16 |    25 |    40 |    97 ||   178
Throw: Dart              |       |    31 |   114 |   214 ||   359
       Boomerang         |       |       |     8 |     6 ||    14
Invok: Stomp             |       |       |       |     3 ||     3
       Line Pass         |       |       |       |     1 ||     1
Evoke: Wand              |       |       |     3 |    11 ||    14
  Use: Scroll            |     2 |     1 |    12 |    14 ||    29
       Potion            |       |       |     3 |     3 ||     6
 Stab: Sleeping          |    13 |    14 |    18 |    12 ||    57
       Distracted        |     1 |       |       |     1 ||     2
       Paralysed         |       |       |       |     6 ||     6
Armor: Robe              |    13 |       |       |       ||    13
       Ring mail         |    23 |   105 |    79 |   112 ||   319
Dodge: Dodged            |    67 |   169 |   168 |   436 ||   840
Block: Buckler           |       |       |    59 |   135 ||   194

Table legend:
 A = Non-vault XP
 B = Vault XP
 C = Vault XP percentage of total XP
 D = Non-vault monster count
 E = Vault monster count
 F = Vault count percentage of total count
                 A         B        C        D         E       F
            +---------+---------+-------+---------+---------+-------
      Total |   11161 |    8290 |  42.6 |     284 |      30 |   9.6
            +---------+---------+-------+---------+---------+-------
        D:1 |      66 |       0 |   0.0 |      33 |       0 |   0.0
        D:2 |      92 |       0 |   0.0 |      37 |       0 |   0.0
        D:3 |     244 |     158 |  39.3 |      33 |       5 |  13.2
        D:4 |     462 |     208 |  31.0 |      22 |       6 |  21.4
        D:5 |     510 |       0 |   0.0 |      16 |       0 |   0.0
        D:6 |     445 |       0 |   0.0 |      16 |       0 |   0.0
        D:7 |    1417 |    3635 |  72.0 |      33 |       6 |  15.4
        D:8 |    1871 |    4289 |  69.6 |      32 |      13 |  28.9
        D:9 |    1813 |       0 |   0.0 |      28 |       0 |   0.0
       D:10 |    2058 |       0 |   0.0 |      21 |       0 |   0.0
       D:11 |     220 |       0 |   0.0 |       5 |       0 |   0.0
       D:12 |     172 |       0 |   0.0 |       2 |       0 |   0.0
       D:13 |    1791 |       0 |   0.0 |       6 |       0 |   0.0
            +---------+---------+-------+---------+---------+-------
